 Dungeon Crawl Stone Soup version 0.18-a0-1721-gc4d1f22 (webtiles) character file.

70 vev the Cudgeler (level 4, -1/41 HPs)
             Began as an Ogre Arcane Marksman on Apr 10, 2016.
             Slain by an adder (3 damage)
             ... on level 3 of the Dungeon.
             The game lasted 00:01:55 (1873 turns).

vev the Cudgeler (Ogre Arcane Marksman)             Turns: 1873, Time: 00:01:56

Health: -1/41      AC:  3    Str: 16    XL:     4   Next: 21%
Magic:  5/5        EV: 10    Int: 12    God:
Gold:   95         SH:  0    Dex: 10    Spells: 1 memorised, 4 levels left

rFire  . . .     SeeInvis .     g - +0 mace
rCold  . . .     Gourm    .     a - +0 robe
rNeg   . . .     Faith    .     (no shield)
rPois  .         Spirit   .     (helmet restricted)
rElec  .         Dismiss  .     (no cloak)
rCorr  .         Reflect  .     (gloves unavailable)
SustAt .         Harm     .     (boots unavailable)
MR     .....                    (no amulet)
Stlth  +.........               (no ring)
                                (no ring)

@: lethally poisoned (-1 -> -10), not resistant to hostile enchantments, very
unstealthy
A: unfitting armour, tough skin 1
a: no special abilities


You were on level 3 of the Dungeon.
You were very hungry.

You visited 1 branch of the dungeon, and saw 3 of its levels.

You collected 95 gold pieces.

Inventory:

Hand Weapons
 g - a +0 mace (weapon)
Missiles
 c - 4 large rocks (quivered)
 d - 2 throwing nets
Armour
 a - a +0 robe (worn)
Scrolls
 h - 2 scrolls of immolation {unknown}
 i - a scroll of teleportation {unknown}
 m - 2 scrolls of identify {unknown}
 o - a scroll of remove curse {unknown}
 r - a scroll of blinking {unknown}
 s - a scroll of magic mapping {unknown}
Potions
 e - 3 potions of curing
 j - a potion of cancellation {unknown}
 k - a potion of degeneration {unknown}
 p - a potion of invisibility {unknown}
 t - 2 potions of resistance {unknown}
Books
 b - a book of Debilitation

   Spells                             Type                      Level
   a - Corona                         Hexes                        1
   b - Slow                           Hexes                        2
   c - Gell's Gravitas                Hexes/Translocation          3
   d - Inner Flame                    Hexes/Fire                   3
   e - Cause Fear                     Hexes                        4
   f - Leda's Liquefaction            Hexes/Earth                  4
Comestibles
 f - a bread ration
 l - a royal jelly
 n - a slice of pizza
 q - 3 fruits
 u - a chunk of flesh


   Skills:
 - Level 1.3 Fighting
 + Level 4.9 Maces & Flails
 - Level 2.0 Throwing
 - Level 1.7 Dodging
 - Level 1.2 Spellcasting
 - Level 2.1 Hexes


You had 4 spell levels left.
You knew the following spells:

 Your Spells              Type           Power        Failure   Level  Hunger
a - Corona                Hex            #......      14%         1    ##.....


Dungeon Overview and Level Annotations

Branches:
Dungeon (3/15)

Altars:
Pakellas


Innate Abilities, Weirdness & Mutations

You are too large for most types of armour.
You have tough skin (AC +1).


Message History

You feel sick. The adder barely misses you.
You closely miss the adder.
The adder is severely wounded.
* * * LOW HITPOINT WARNING * * *
You feel sick. The adder completely misses you. The adder bites you.
* * * LOW HITPOINT WARNING * * *
You barely miss the adder.
The adder is severely wounded.
* * * LOW HITPOINT WARNING * * *
You feel sick. The adder bites you.
* * * LOW HITPOINT WARNING * * *
You miss the adder.
The adder is severely wounded.
* * * LOW HITPOINT WARNING * * *
You feel sick. The adder barely misses you.
You hit the adder but do no damage.
The adder is severely wounded.
* * * LOW HITPOINT WARNING * * *
You feel sick. The adder barely misses you. The adder bites you.
You die...

##..#....<..>.....
.................
###....##.#......
....... #.#....##.
.......##.#.......
..............>###
..................
......####[..#.###
........@S........
.###..####.#.#....
##.##..S....###
............#
##..#$......# ##
#.......#
.........#
..........#
###........#


You could see an adder.

Vanquished Creatures
  An adder (D:2)
  4 dart slugs (D:1)
  A giant gecko (D:2)
  2 orcs (D:3)
  5 giant cockroaches
  5 goblins
  6 hobgoblins
  2 jackals (D:2)
  5 kobolds
  7 bats
  5 giant newts
  4 rats
47 creatures vanquished.

Notes
Turn   | Place    | Note
--------------------------------------------------------------
     0 | D:1      | vev the Ogre Arcane Marksman began the quest for the Orb.
     0 | D:1      | Reached XP level 1. HP: 19/19 MP: 2/2
    24 | D:1      | Reached skill level 1 in Maces & Flails
   130 | D:1      | Reached skill level 2 in Maces & Flails
   130 | D:1      | Reached XP level 2. HP: 14/27 MP: 3/3
   520 | D:1      | Reached skill level 3 in Maces & Flails
   560 | D:1      | Reached XP level 3. HP: 21/33 MP: 4/4
   944 | D:2      | Reached skill level 4 in Maces & Flails
   956 | D:2      | Found an oddly glowing altar of Pakellas.
  1522 | D:2      | Reached XP level 4. HP: 30/41 MP: 5/5
  1873 | D:3      | HP: 2/41 [poisoned by an adder]
  1873 | D:3      | Slain by an adder

Vault maps used:
D:1:      evilmike_arrival_plus, serial_forest, infiniplex_forest_straight_2,
          infiniplex_forest_clump_small, infiniplex_forest_straight_1,
          infiniplex_forest_corner_1, infiniplex_forest_lined_4_way,
          minmay_misc_feat_encased, minivault_26, hangedman_feature_mirror
D:2:      nrook_mini_backslash, minivault_11, grunt_pakellas_basics
D:3:      first_bread, makhleb_blood_cavern_becter

Skill      XL: |  1  2  3 |
---------------+----------+-----
Maces & Flails | 2 3 4 |  4.9
Fighting       | |  1.3
Throwing       | |  2.0
Dodging        | |  1.7
Spellcasting   | |  1.2
Hexes          | |  2.1

Action                   |  1- 3 |  4- 6 || total
-------------------------+-------+-------++-------
Melee: Mace              |   137 |    32 ||   169
 Stab: Sleeping          |     1 |       ||     1
  Eat: Chunk             |     1 |     1 ||     2
